 Dungeon Crawl Stone Soup version 0.20-a0-641-g673355a (webtiles) character file.

261 2tousent the Chucker (level 5, 0/49 (50) HPs)
             Began as a Troll Hunter on Feb 13, 2017.
             Slain by an ogre
             ... wielding a +0 giant club
              (4 damage)
             ... on level 4 of the Dungeon.
             The game lasted 00:04:09 (2307 turns).

2tousent the Chucker (Troll Hunter)                 Turns: 2307, Time: 00:04:10

HP:   0/49 (50)     AC:  6    Str: 21    XL:     5   Next: 96%
MP:   4/4           EV: 10    Int:  7    God:    Xom [..*...]
Gold: 172           SH:  0    Dex: 10    Spells: 4/4 levels left

rFire    . . .     SeeInvis .     - Unarmed
rCold    . . .     Gourm    +   b - +0 robe
rNeg     . . .     Faith    .   (no shield)
rPois    .         Spirit   .   (helmet restricted)
rElec    .         Reflect  .   j - +0 cloak
rCorr    .         Harm     .   (gloves unavailable)
MR       .....                  (boots unavailable)
Stlth    +.........             (no amulet)
Regen    0.6/turn               (no ring)
MPRegen  0.1/turn               (no ring)

@: no status effects
A: unfitting armour, claws 3, fast metabolism 3, gourmand, regeneration 1,
shaggy fur 1, tough skin 2
a: Renounce Religion


You were on level 4 of the Dungeon.
You worshipped Xom.
You were a toy of Xom.
You were very full.

You visited 1 branch of the dungeon, and saw 4 of its levels.

You collected 172 gold pieces.

Inventory:

Missiles
 c - 3 large rocks (quivered)
 d - 2 throwing nets
Armour
 b - a +0 robe (worn)
 j - a +0 cloak (worn)
Jewellery
 k - an uncursed ring of protection from cold {unknown}
Scrolls
 a - a scroll of fog {unknown}
 e - 2 scrolls of fear {unknown}
 g - a scroll of amnesia {unknown}
 h - 6 scrolls of identify {unknown}
 p - 3 scrolls of remove curse {unknown}
Potions
 l - 2 potions of resistance
 m - a potion of magic {unknown}
 o - a potion of flight {unknown}
 r - 2 potions of curing {unknown}
Comestibles
 f - 3 bread rations
 i - 6 fruits
 n - 3 royal jellies


   Skills:
 + Level 2.7 Fighting
 * Level 4.6 Throwing
 + Level 2.4 Dodging
 - Level 0.3 Stealth
 * Level 3.2 Unarmed Combat


You had 4 spell levels left.
You didn't know any spells.

Dungeon Overview and Level Annotations

Branches:
Dungeon (4/15)
 Temple: D:4-7

Altars:
Ashenzari
Fedhas
Kikubaaqudgha
Sif Muna
Trog
Xom


Innate Abilities, Weirdness & Mutations

You are too large for most types of armour.
You have claws for hands.
Your metabolism is lightning-fast.
You like to eat raw meat.
Your natural rate of healing is unusually fast.
You are covered in fur. (AC +1)
You have very tough skin. (AC +2)


Message History

You are too injured to fight recklessly!
You are too injured to fight recklessly!
You are too injured to fight recklessly!
You are too injured to fight recklessly!
Throwing (i - inventory. (,) - cycle):
c - 5 large rocks (quivered)
Press: ? - help, Shift-Dir - straight line, f - ogre
Aim: an ogre, wielding a giant club (moderately wounded)
You throw a large rock. The large rock hits the ogre!!
The ogre is almost dead.
The adder bites you. The ogre hits you with a giant club!
* * * LOW HITPOINT WARNING * * *
The worm misses you. The adder bites you but does no damage.
Throwing (i - inventory. (,) - cycle):
c - 4 large rocks (quivered)
Press: ? - help, Shift-Dir - straight line, f/p - ogre
Aim: an ogre, wielding a giant club (almost dead)
You throw a large rock. The large rock barely misses the ogre.
The adder bites you.
* * * LOW HITPOINT WARNING * * *
The ogre hits you with a giant club.
You die...

##+##
#...#
#...#
#S..#
#.@w#
#O..#
#...#
#...#
##.##
#.#
..#
###


You could see an ogre, a worm and an adder.

Vanquished Creatures
  A centaur (D:3)
  Natasha (twice) (D:3)
  7 adders
  2 oozes
  A dart slug (D:1)
  2 leopard geckos (D:2)
  An orc (D:3)
  8 bats
  A giant cockroach (D:2)
  4 goblins (D:1)
  9 hobgoblins
  A quokka (D:2)
  3 ball pythons
  2 frilled lizards (D:2)
  6 kobolds
  10 rats
60 creatures vanquished.

Notes
Turn   | Place    | Note
-------+----------+-------------------------------------------
     0 | D:1      | 2tousent the Troll Hunter began the quest for the Orb.
     0 | D:1      | Reached XP level 1. HP: 19/19 MP: 0/0
   349 | D:1      | Reached XP level 2. HP: 24/28 MP: 1/1
   412 | D:1      | Reached skill level 1 in Unarmed Combat
   740 | D:1      | Paralysed by fainting for 9 turns
   782 | D:2      | Reached XP level 3. HP: 35/35 MP: 2/2
   889 | D:2      | Found a shattered altar of Ashenzari.
  1063 | D:2      | Reached skill level 4 in Throwing
  1244 | D:2      | Reached XP level 4. HP: 42/42 MP: 3/3
  1641 | D:3      | Found a blossoming altar of Fedhas.
  1769 | D:3      | Found a shimmering altar of Xom.
  1772 | D:3      | Found a deep blue altar of Sif Muna.
  1774 | D:3      | Found a bloodstained altar of Trog.
  1787 | D:3      | Became a worshipper of Xom the Elder Chaos God
  1822 | D:3      | Found an ancient bone altar of Kikubaaqudgha.
  2045 | D:3      | Noticed Natasha
  2057 | D:3      | Killed Natasha
  2057 | D:3      | Reached XP level 5. HP: 50/50 MP: 4/4
  2107 | D:3      | Noticed a centaur
  2116 | D:3      | Killed a centaur
  2152 | D:3      | XOM: silly message
  2170 | D:3      | Noticed Natasha
  2177 | D:3      | Killed Natasha
  2249 | D:3      | XOM: mild Necr miscast
  2302 | D:4      | Noticed an ogre
  2307 | D:4      | Slain by an ogre

Vault maps used:
D:1:      dpeg_arrival_central
D:2:      nicolae_ashenzari_panopticon
D:3:      minitemple, overflow_temple_1_default, serial_glass, glass_columns_c,
          glass_columns_a, due_unseen_surprise, minmay_strange_pillars,
          item_on_display_b, kennysheep_cross_room, uniq_natasha
D:4:      first_bread

Skill      XL: |  1  2  3  4  5 |
---------------+----------------+-----
Unarmed Combat | 1 2 3 |  3.2
Dodging        | 2 |  2.4
Fighting       | 2 |  2.7
Throwing       | 4 |  4.6
Stealth        | |  0.3

Action                   |  1- 3 |  4- 6 || total
-------------------------+-------+-------++-------
Melee: Unarmed           |    93 |   102 ||   195
Throw: Large rock        |       |     2 ||     2
 Stab: Sleeping          |     1 |     1 ||     2
  Eat: Chunk             |     5 |    12 ||    17
       Bread ration      |     1 |       ||     1
       Meat ration       |       |     1 ||     1
Armor: Robe              |    45 |    41 ||    86
Dodge: Dodged            |    80 |    40 ||   120
